 Dungeon Crawl Stone Soup version 0.18.1-48-g4cf74bf (webtiles) character file.

38 GFox the Ducker (level 3, -2/15 HPs)
             Began as a Felid Berserker on Sept 6, 2016.
             Was a Believer of Trog.
             Slain by a giant newt (3 damage)
             ... on level 2 of the Dungeon.
             The game lasted 00:06:14 (862 turns).

GFox the Ducker (Felid Berserker)                    Turns: 862, Time: 00:06:14

Health: -2/15      AC:  1    Str: 13    XL:     3   Next: 25%
Magic:  4/4        EV: 19    Int:  8    God:    Trog [**....]
Gold:   40         SH:  0    Dex: 16    Spells: 0 memorised, 2 levels left
                                        Lives:  0   Deaths: 0

rFire  . . .     SeeInvis +       - Unarmed
rCold  . . .     Gourm    .     (armour unavailable)
rNeg   . . .     Faith    .     (shield unavailable)
rPois  .         Spirit   .     (helmet unavailable)
rElec  .         Dismiss  .     (cloak unavailable)
rCorr  .         Reflect  .     (gloves unavailable)
SustAt .         Harm     .     (boots unavailable)
MR     ++...                    (no amulet)
Stlth  ++........               (no ring)
                                (no ring)

@: lethally poisoned (-2 -> -9), quick, very resistant to hostile enchantments,
unstealthy
A: no armour, no weapons or thrown items, claws 1, fangs 3, see invisible,
carnivore 3, speed 1, frail 1, magic resistance 2, shaggy fur 1, slow metabolism
1, sharp paws
a: Berserk, Trog's Hand, Burn Spellbooks, Renounce Religion


You were on level 2 of the Dungeon.
You worshipped Trog.
Trog was pleased with you.
You were completely stuffed.

You visited 1 branch of the dungeon, and saw 2 of its levels.

You collected 40 gold pieces.

Inventory:

Scrolls
 f - 2 scrolls of remove curse {unknown}
Potions
 b - 2 potions of mutation
 d - a potion of ambrosia {unknown}
 e - a potion of heal wounds {unknown}
 g - a potion of invisibility {unknown}
Comestibles
 a - 2 meat rations
 c - 6 chunks of flesh


   Skills:
 * Level 3.6 Fighting
 * Level 4.4 Dodging
 * Level 1.5 Stealth
 * Level 3.3 Unarmed Combat


You had 2 spell levels left.
You didn't know any spells.

Dungeon Overview and Level Annotations

Branches:
Dungeon (2/15)

Altars:


Innate Abilities, Weirdness & Mutations

You cannot wear armour.
You are incapable of wielding weapons or throwing items.
You have sharp claws.
You have razor-sharp teeth.
You have supernaturally acute eyesight.
You are carnivorous and can eat meat at any time.
You cover ground quickly.
You are covered in fur (AC +1).
You have a slow metabolism.
Your sharp claws are effective at attacking unaware monsters.
You are frail (-10% HP).
You are highly resistant to hostile enchantments.


Message History

The adder bites you.
You are lethally poisoned!
The adder poisons you!
You scratch the adder but do no damage.
The adder is severely wounded.
You feel sick. The giant newt closely misses you. The adder barely misses you.
You barely miss the adder.
The adder is severely wounded.
The adder bites you.
* * * LOW HITPOINT WARNING * * *
The giant newt closely misses you.
* * * LOW HITPOINT WARNING * * *
You feel sick.
Drink which item? (? for menu, Esc to quit)
It was a potion of mutation.
You feel extremely strange.
You feel frail.
You feel resistant to hostile enchantments.
You feel more resistant to hostile enchantments.
The adder completely misses you. The giant newt bites you.
You die...

##. #### b..
l.##
###.###..####
...........
##........
#.......######
+............#
#...†S@..###.#.#
#....l...# #.#.#
#...###..# #.#.#
#.# #...
#...##.#.# #.#
#.. #.#.##.#.#
#.# ....
#.#.##.#.# #.#
.... .....#'#.#
#.# .$..
#.#......# #.#
#......###.####


You could see an adder and 2 giant newts.

Vanquished Creatures
  An adder (D:2)
  A giant gecko (D:1)
  2 giant cockroaches (D:1)
  2 goblins (D:1)
  4 hobgoblins
  3 jackals (D:1)
  5 kobolds
  3 bats (D:1)
  2 giant newts (D:1)
  3 rats (D:1)
26 creatures vanquished.

Notes
Turn   | Place    | Note
--------------------------------------------------------------
     0 | D:1      | GFox the Felid Berserker began the quest for the Orb.
     0 | D:1      | Reached XP level 1. HP: 10/10 MP: 2/2
   276 | D:1      | Reached XP level 2. HP: 14/14 MP: 3/3
   526 | D:1      | Reached ** piety under Trog
   526 | D:1      | Reached skill level 1 in Stealth
   825 | D:2      | Reached XP level 3. HP: 17/17 MP: 4/4
   862 | D:2      | Gained mutation: You are frail (-10% HP). [potion of mutation]
   862 | D:2      | Gained mutation: You are resistant to hostile enchantments. [potion of mutation]
   862 | D:2      | Gained mutation: You are highly resistant to hostile enchantments. [potion of mutation]
   862 | D:2      | Slain by a giant newt

Skill      XL: |  1  2 |
---------------+-------+-----
Stealth        | 1 |  1.5
Fighting       | |  3.6
Dodging        | |  4.4
Unarmed Combat | |  3.3

Action                   || total
-------------------------++-------
Melee: Unarmed           ||    56
       Bite              ||     3
  Use: Potion            ||     1
 Stab: Sleeping          ||     3
       Distracted        ||     1
  Eat: Chunk             ||     7
Armor: Skin              ||     1
Dodge: Dodged            ||    44
